 Dungeon Crawl Stone Soup version 0.29-a0-841-g116ddc6ace (webtiles) character file.

Game seed: 6767266518159183120

5 Spectrina the Sneak (level 1, 0/13 HPs)
             Began as a Vampire Delver on July 15, 2022.
             Slain by a ball python (2 damage)
             ... on level 3 of the Dungeon.
             The game lasted 00:01:13 (230 turns).

Spectrina the Sneak (Vampire Delver)                 Turns: 230, Time: 00:01:14

Health: 0/13       AC:  3    Str: 11    XL:     1   Next: 66%
Magic:  1/1        EV:  9    Int: 12    God:
Gold:   6          SH:  0    Dex: 15    Spells: 0/0 levels left

rFire   . . .      SeeInvis +   a - +0 short sword
rCold   + + .      Faith    .   (no shield)
rNeg    + + +      Spirit   .   b - +0 leather armour
rPois   ∞          Reflect  .   (no helmet)
rElec   .          Harm     .   (no cloak)
rCorr   .          Rampage  .   (no gloves)
Will    .....                   (no boots)
Stlth   +++++.....              (no amulet)
HPRegen 0.00/turn               (no ring)
MPRegen 0.07/turn               (no ring)

@: bloodless, inhibited regen, constricted
A: bloodless, fangs 3, see invisible, vampiric 1
a: Revivify


You were on level 3 of the Dungeon.
You visited 1 branch of the dungeon, and saw 4 of its levels.

You collected 6 gold pieces.

Inventory:

Hand Weapons
 a - a +0 short sword (weapon)
 l - a +0 falchion
Armour
 b - a +0 leather armour (worn)
 j - a +0 chain mail
Wands
 g - a wand of digging (3)
Scrolls
 c - a scroll of fog
 d - a scroll of magic mapping
 e - a scroll of fear
 i - a scroll of summoning {unknown}
 m - a scroll of teleportation {unknown}
Potions
 f - a potion of haste
 h - a potion of berserk rage {unknown}
 k - a potion of curing {unknown}


   Skills:
 - Level 2.6 Fighting
 + Level 2.5 Short Blades
 - Level 2.1 Dodging
 + Level 7.4 Stealth


You couldn't memorise any spells.
You didn't know any spells.
Your spell library was empty.

Dungeon Overview and Level Annotations

Branches:
Dungeon (5/15)
 Temple: D:4-7

Altars:


Innate Abilities, Weirdness & Mutations

You do not regenerate when monsters are visible.
You are frail without blood (-20% HP).
You can heal yourself when you bite living creatures.
You are immune to poison.
You have razor-sharp teeth.
You have supernaturally acute eyesight. (SInv)
You are afflicted with vampirism.


Message History

Unknown command.
You climb upwards.
Found a scroll labelled QAEHYAWEARO.
Found an escape hatch in the floor.
There is a stone staircase leading down here.
The helpless worm fails to defend itself.
You impale the worm!!
The worm is almost dead.
The worm barely misses you.
You hit the worm.
You kill the worm!
There is a stone staircase leading down here.
m - a scroll labelled QAEHYAWEARO
There is a stone staircase leading down here.
You climb downwards.
There is a stone staircase leading up here.
Unknown command.
Found 6 gold pieces.
There is a stone staircase leading up here.
You closely miss the goblin. The goblin hits you with a +0 club.
You hit the goblin.
You kill the goblin!
Things that are here:
a +0 club; a goblin corpse A ball python comes into view.
Found 12 gold pieces.
Found 10 gold pieces.
The ball python hisses angrily.
You see here 6 gold pieces.
You now have 6 gold pieces.
The ball python bites you.
* * * LOW HITPOINT WARNING * * *
The ball python grabs you. The ball python constricts you.
* * * LOW HITPOINT WARNING * * *
You hit the ball python.
The ball python is heavily wounded.
The ball python barely misses you. The ball python constricts you.
You hit the ball python.
The ball python is heavily wounded.
The ball python bites you.
You die...

.####..........
...............##.#
..................#...
....................!.o.
.......................o
........................
......$.................
.$....S@..........)..b..
...$.......)............
#.............<.....S.(.
##.....##...<.#..>......
###### #######.........
#......r.. ##########


You could see a ball python.

Vanquished Creatures
  A worm (D:2)
  A goblin (D:3)
  A ball python (D:4)
3 creatures vanquished.

Notes
Turn   | Place    | Note
-------+----------+-------------------------------------------
     0 | D:5      | Spectrina the Vampire Delver began the quest for the Orb.
     0 | D:5      | Reached XP level 1. HP: 17/17 MP: 1/1
   193 | D:3      | Noticed an orc priest
   230 | D:3      | Slain by a ball python

Illustrated notes

Levels and vault maps discovered:
D:2:      wander_river, layout_basic, basic_ecumenical_altar,
          serial_co_window_serial, co_window_of_opportunity_a,
          co_window_paths_a, co_window_paths_b, co_window_cross_1,
          co_window_corner_a, co_window_paths_b, co_window_of_opportunity_c,
          co_window_of_opportunity_c, co_window_unsneaky_path_b,
          co_window_2corner, glass_columns_a, basic_altar, minmay_tetromino_l4
D:3:      layout_rooms, cheibrodos_worm_habitat, mainiacjoe_overflow_boulevard
D:4:      layout_loops_ring, tso_oasis_becter, old_standard_altar,
          chequers_avenue, minmay_misc_feat_secret_circle
D:5:      layout_loops_ring, hangedman_abyss_or_decor_lesser_grid,
          kennysheep_pointless_box, uniq_edmund

Action                   || total
-------------------------++-------
Melee: Short sword       ||     8
 Abil: Exsanguinate      ||     1
 Stab: Sleeping          ||     1
Armor: Leather armour    ||     2
Dodge: Dodged            ||     3

Table legend: (Time is in decaauts)
 A = Elapsed time spent in this place.
 B = Non-inter-level travel time spent in this place.
 C = Inter-level travel time spent in this place.
 D = Time resting spent in this place.
 E = Time spent auto-exploring this place.
 F = Levels seen in this place.
 G = Mean time per level.
                   A        B        C        D        E       F      G
               +--------+--------+--------+--------+--------+-----+--------+
         Total |    229 |    198 |     31 |      0 |      0 |   4 |   57.2 |
       Dungeon |    229 |    198 |     31 |      0 |      0 |   4 |   57.2 |
               +--------+--------+--------+--------+--------+-----+--------+

Top non-repeatable levels by time:
     D:5: 142 daAuts
     D:4: 50 daAuts
     D:2: 18 daAuts
     D:3: 18 daAuts
